 Dungeon Crawl Stone Soup version 0.25-a0-1133-g93ebf739aa (webtiles) character file.

Game seed: 217023889971018849, levelgen mode: deterministic

5021 vurker the Grappler (level 10, -7/97 (98) HPs)
             Began as a Troll Hunter on May 21, 2020.
             Was a Believer of Okawaru.
             Mangled by a seven-headed hydra (9 damage)
             ... on level 12 of the Dungeon.
             The game lasted 00:16:34 (8057 turns).

vurker the Grappler (Troll Hunter)                  Turns: 8057, Time: 00:16:35

HP:   -7/97 (98)    AC:  7    Str: 25    XL:     10   Next: 30%
MP:   9/11          EV: 14    Int:  7    God:    Okawaru [**....]
Gold: 381           SH:  0    Dex: 10    Spells: 9/9 levels left

rFire    + . .     SeeInvis .   a - +0 giant spiked club
rCold    . . .     Gourm    +   (shield currently unavailable)
rNeg     . . .     Faith    .   b - +1 robe
rPois    .         Spirit   .   (helmet restricted)
rElec    .         Reflect  .   (no cloak)
rCorr    .         Harm     .   (gloves unavailable)
MR       .....                  (boots unavailable)
Stlth    ++++......             o - amulet of the acrobat
HPRegen  0.66/turn              f - ring of stealth
MPRegen  0.12/turn              z - ring of protection from fire

@: heroism
A: large, unfitting armour, claws 3, fast metabolism 3, gourmand, regeneration
1, shaggy fur 1, tough skin 3
a: Heroism, Renounce Religion


You were on level 12 of the Dungeon.
You worshipped Okawaru.
Okawaru was pleased with you.
You were very hungry.

You visited 2 branches of the dungeon, and saw 11 of its levels.

You collected 381 gold pieces.

Inventory:

Hand Weapons
 a - a +0 giant spiked club (weapon)
   (You took it off an ogre on level 8 of the Dungeon)
Missiles
 c - 2 large rocks (quivered)
Armour
 b - a +1 robe (worn)
Jewellery
 f - a ring of stealth (left claw)
   (You found it on level 1 of the Dungeon)
 j - an uncursed ring of resist corrosion
   (You found it on level 9 of the Dungeon)
 o - an amulet of the acrobat (around neck)
   (You found it on level 6 of the Dungeon)
 y - an uncursed ring of protection from cold
   (You found it on level 5 of the Dungeon)
 z - a ring of protection from fire (right claw)
   (You found it on level 5 of the Dungeon)
Wands
 d - a wand of iceblast (8)
   (You found it on level 6 of the Dungeon)
 r - a wand of clouds (4)
   (You found it on level 4 of the Dungeon)
 u - a wand of paralysis (5)
   (You found it on level 4 of the Dungeon)
 v - a wand of polymorph (9)
   (You found it on level 6 of the Dungeon)
 x - a wand of acid (2)
   (You took it off Ijyb on level 5 of the Dungeon)
Scrolls
 g - a scroll of blinking
 l - 2 scrolls of teleportation {unknown}
 p - a scroll of fear
 t - 2 scrolls of fog
 w - a scroll of remove curse
 A - a scroll of vulnerability {unknown}
Potions
 h - a potion of haste {unknown}
 i - 3 potions of ambrosia
 k - 3 potions of curing
 m - 2 potions of cancellation
 n - 2 potions of lignification
 q - a potion of flight {unknown}
 s - 4 potions of mutation
Comestibles
 e - 17 rations


   Skills:
 + Level 6.0(11.0) Fighting
 + Level 7.4(12.4) Throwing
 + Level 4.5(9.5) Dodging
 - Level 0.3(5.3) Stealth
 * Level 9.7(14.7) Unarmed Combat
 + Level 3.0 Invocations


You had 9 spell levels left.
You didn't know any spells.
Your spell library contained the following spells:

 Spells                   Type           Power        Failure   Level  Hunger
 Shock                    Conj/Air       #...         43%         1    ##.....
 Swiftness                Chrm/Air       #.......     56%         2    ###....
 Static Discharge         Conj/Air       #.......     80%         3    ####...
 Airstrike                Air            #.........   99%         4    #####..
 Lightning Bolt           Conj/Air       #.........   100%        5    ######.


Dungeon Overview and Level Annotations

Branches:
Dungeon (9/15)             Temple (1/1) D:7
   Lair: D:8-11         Orc: D:9-12

Altars:
Ashenzari
Dithmenos
Elyvilon
Fedhas
Hepliaklqana
Kikubaaqudgha
Makhleb
Okawaru
Qazlal
Ru
Trog
Uskayaw
Vehumet
Wu Jian
Xom
Yredelemnul
Zin
The Shining One

Shops:
D:7 =

Annotations:
D:8 2 transporters, PIKKUHERKKO's ghost, novice HOMo


Innate Abilities, Weirdness & Mutations

You are too large for most types of armour.
You have claws for hands.
Your metabolism is lightning-fast.
You like to eat raw meat.
Your natural rate of healing is unusually fast.
You are covered in fur. (AC +1)
You have extremely tough skin. (AC +3)


Message History

A gargoyle comes into view. It is wielding a +0 flail.
Found a stone staircase leading up.
There is an open door here.
Throwing (i - inventory)
c - 3 large rocks (quivered)
Aim: a gargoyle, wielding a +0 flail (dormant)
You throw a large rock. The large rock hits the gargoyle!!
You destroy the gargoyle!
Okawaru accepts your kill.
Your life force feels restored.
Your Invocations skill increases to level 3!
A vampire mosquito comes into view.
Throwing (i - inventory)
c - 2 large rocks (quivered)
Aim: a vampire mosquito (wandering, hasn't noticed you)
Okay, then.
A vampire mosquito comes into view.
A seven-headed hydra comes into view.
A tarantella comes into view.
You gain the combat prowess of a mighty hero.
a - a +0 giant spiked club (weapon)
The vampire mosquito buzzes angrily.
The tarantella hisses angrily.
You sock the seven-headed hydra!
You hear an angry buzzing noise.
The seven-headed hydra bites you! x2
The seven-headed hydra bites you but does no damage.
The seven-headed hydra closely misses you.
The seven-headed hydra bites you! The seven-headed hydra misses you.
The seven-headed hydra completely misses you.
The seven-headed hydra misses you. The seven-headed hydra bites you! x2
* * * LOW HITPOINT WARNING * * *
The seven-headed hydra bites you!
* * * LOW HITPOINT WARNING * * *
The seven-headed hydra bites you but does no damage.
The seven-headed hydra bites you!
* * * LOW HITPOINT WARNING * * *
The seven-headed hydra closely misses you.
Unknown command.
Aim: a seven-headed hydra (lightly wounded)
You create a blast of flame!
The vampire mosquito is engulfed in blazing flames.
The tarantella is engulfed in blazing flames.
The vampire mosquito is engulfed in blazing flames.
The tarantella is engulfed in blazing flames.
The seven-headed hydra is engulfed in blazing flames.
The seven-headed hydra bites you!
* * * LOW HITPOINT WARNING * * *
The seven-headed hydra bites you but does no damage.
The seven-headed hydra bites you!
* * * LOW HITPOINT WARNING * * *
The seven-headed hydra bites you!
You die...

... .. .# #+## ##.# #...#
## #..# #..... ##.# ##.##
#......
.#.#########...####§§....<
................@Dys§.....
......######...####§y.....
##^##.# #....## #..(...
##) #.# #.#### #.....
##.##.# #. ..... #.#.#.# #
#+## #.. #.# #.# #.#
#.###.#


You could see a seven-headed hydra, a tarantella and 2 vampire mosquitoes.

Vanquished Creatures
  A gargoyle (D:12)
  A kobold demonologist (D:8)
  Grinder (D:5)
  6 yaks
  A hungry ghost (D:9)
  A water moccasin (D:7)
  An ice beast (D:8)
  A black bear (D:9)
  An orc warrior (D:7)
  A necrophage (D:9)
  2 ogres
  A centaur (D:5)
  14 big kobolds
  A bullfrog (D:7)
  8 wights
  A centaur zombie (D:7)
  3 crimson imps
  5 hounds
  A jelly (D:5)
  A bullfrog skeleton (D:2)
  4 orc priests (D:7)
  A centaur skeleton (D:6)
  Ijyb (D:5)
  Jessica (D:3)
  3 iguanas
  An orc wizard (D:6)
  6 worker ants
  A hound zombie (D:6)
  A hound skeleton (D:9)
  Robin (D:3)
  A worker ant zombie (D:6)
  5 gnolls
  9 adders
  2 shadow imps
  4 worms
  5 dart slugs
  4 leopard geckos
  33 orcs
  2 ball pythons
  6 giant cockroaches
  11 hobgoblins
  14 jackals
  4 quokkas
  8 bats
  7 frilled lizards
  14 goblins
  18 kobolds
  A leopard gecko zombie (D:9)
  A quokka zombie (D:2)
  10 rats
231 creatures vanquished.

Vanquished Creatures (others)
  5 plants (D:8)
5 creatures vanquished.

Grand Total: 236 creatures vanquished

Notes
Turn   | Place    | Note
-------+----------+-------------------------------------------
     0 | D:1      | vurker the Troll Hunter began the quest for the Orb.
     0 | D:1      | Reached XP level 1. HP: 19/19 MP: 0/0
   258 | D:1      | Reached XP level 2. HP: 28/28 MP: 1/1
   549 | D:1      | Reached skill level 1 in Unarmed Combat
   594 | D:1      | Reached XP level 3. HP: 34/35 MP: 2/2
   937 | D:2      | Reached skill level 2 in Unarmed Combat
   937 | D:2      | Reached XP level 4. HP: 44/44 MP: 3/3
  1089 | D:2      | Found a shadowy altar of Dithmenos.
  1202 | D:2      | Found a white marble altar of Elyvilon.
  1332 | D:2      | Reached XP level 5. HP: 29/50 MP: 4/4
  1388 | D:2      | Found a shattered altar of Ashenzari.
  1602 | D:2      | Reached skill level 3 in Unarmed Combat
  1796 | D:3      | Noticed Jessica
  1800 | D:3      | Killed Jessica
  1929 | D:3      | Noticed Robin
  1939 | D:3      | Killed Robin
  1996 | D:3      | Found a basalt altar of Yredelemnul.
  2827 | D:4      | Found a sacrificial altar of Ru.
  2846 | D:4      | Reached XP level 6. HP: 61/61 MP: 5/5
  3499 | D:5      | Entered Level 5 of the Dungeon
  3506 | D:5      | Reached skill level 4 in Unarmed Combat
  3742 | D:5      | Noticed Grinder
  3755 | D:5      | Killed Grinder
  3755 | D:5      | Reached skill level 5 in Throwing
  3755 | D:5      | Reached skill level 5 in Unarmed Combat
  3755 | D:5      | Reached XP level 7. HP: 59/67 MP: 6/6
  4010 | D:5      | Noticed Ijyb
  4040 | D:5      | Killed Ijyb
  4561 | D:6      | Reached skill level 6 in Unarmed Combat
  4762 | D:6      | Reached XP level 8. HP: 78/78 MP: 7/7
  5486 | D:6      | Reached skill level 7 in Unarmed Combat
  5923 | D:7      | Reached skill level 5 in Fighting
  5923 | D:7      | Reached XP level 9. HP: 88/88 MP: 8/8
  5936 | D:7      | Found a glowing golden altar of the Shining One.
  6061 | D:7      | Found a shimmering altar of Xom.
  6110 | D:7      | Found Buip's Jewellery Boutique.
  6128 | D:7      | Reached skill level 8 in Unarmed Combat
  6230 | D:7      | Found a staircase to the Ecumenical Temple.
  6243 | Temple   | Entered the Ecumenical Temple
  6327 | Temple   | Became a worshipper of Warmaster Okawaru
  6736 | D:8      | Found a transporter.
  6833 | D:8      | Reached skill level 1 in Invocations
  7113 | D:8      | Found a transporter.
  7184 | D:8      | Noticed a kobold demonologist
  7198 | D:8      | Noticed PIKKUHERKKO's ghost (novice HOMo)
  7235 | D:7      | Reached * piety under Okawaru
  7328 | D:8      | Killed a kobold demonologist
  7328 | D:8      | Reached skill level 9 in Unarmed Combat
  7346 | D:8      | Reached ** piety under Okawaru
  7405 | D:8      | Reached XP level 10. HP: 76/98 MP: 10/10
  7810 | D:9      | Found a glowing silver altar of Zin.
  7965 | D:9      | You fall into a shaft and drop 3 floors!
  8043 | D:12     | Noticed a gargoyle
  8046 | D:12     | Killed a gargoyle
  8047 | D:12     | Noticed a seven-headed hydra
  8057 | D:12     | HP: 2/97 [seven-headed hydra (8)]
  8057 | D:12     | Mangled by a seven-headed hydra

Illustrated notes

Levels and vault maps discovered:
D:1:      heliophobic_arrival_henge, layout_loops_corners, minmay_quantized
D:2:      layout_basic, evilmike_ruin_ashenzari,
          nicolae_dithmenos_through_a_glass_darkly, first_ration,
          elyvilon_altar_5
D:3:      layout_basic, marbit_many_paths, uniq_robin, uniq_jessica
D:4:      minmay_spotlight, layout_basic, nicolae_ru_sacrificial_ziggurat
D:5:      layout_rooms, minmay_crystal_water, hangedman_abyss_or_decor_slice,
          uniq_ijyb, uniq_grinder
D:6:      layout_gridville, hangedman_abyss_or_decor_stagger
D:7:      layout_basic, lemuel_doored_altar, minmay_temple_entry_mist,
          basic_altar, serial_shops, shop
D:8:      layout_rooms, special_room [special_room_kobold],
          gammafunk_ghost_gnarly_gnolls
D:9:      layout_small_grid, zin_academy
D:12:     layout_loops_corners, serial_shops, kennysheep_mini, uniq_psyche,
          uniq_sonja
Temple:   regret_index_temple_sphere_string

Skill      XL: |  1  2  3  4  5  6  7  8  9 10 |
---------------+-------------------------------+-----
Fighting       | 2 3 4 5 6 |  6.0
Throwing       | 4 5 6 7 |  7.4
Unarmed Combat | 1 2 3 5 6 7 9 |  9.7
Dodging        | 3 4 |  4.5
Invocations    | 2 3 |  3.0
Stealth        | |  0.3

Action                   |  1- 3 |  4- 6 |  7- 9 | 10-12 || total
-------------------------+-------+-------+-------+-------++-------
Melee: Unarmed           |    94 |   178 |   331 |    60 ||   663
       Punch             |       |     2 |    12 |     2 ||    16
       Giant spiked club |       |       |       |     1 ||     1
Throw: Large rock        |       |     3 |     9 |     3 ||    15
       Throwing net      |       |       |     2 |       ||     2
Invok: Heroism           |       |       |       |     2 ||     2
Evoke: Wand              |       |       |       |     1 ||     1
  Use: Scroll            |       |       |    17 |     1 ||    18
 Stab: Sleeping          |     6 |    14 |     3 |       ||    23
       Distracted        |       |       |     1 |       ||     1
  Eat: Chunk             |    14 |    25 |    30 |     2 ||    71
Armor: Robe              |    42 |    50 |    94 |    30 ||   216
Dodge: Dodged            |    64 |    75 |   185 |    54 ||   378

Table legend:
 A = Non-vault XP
 B = Vault XP
 C = Vault XP percentage of total XP
 D = Non-vault monster count
 E = Vault monster count
 F = Vault count percentage of total count
                 A         B        C        D         E       F
            +---------+---------+-------+---------+---------+-------
      Total |    5019 |    2155 |  30.0 |     189 |      42 |  18.2
            +---------+---------+-------+---------+---------+-------
        D:1 |      53 |       8 |  13.1 |      29 |       5 |  14.7
        D:2 |     156 |       0 |   0.0 |      28 |       0 |   0.0
        D:3 |      59 |      67 |  53.2 |      22 |       9 |  29.0
        D:4 |      94 |      19 |  16.8 |      14 |       2 |  12.5
        D:5 |     530 |     310 |  36.9 |      19 |       2 |   9.5
        D:6 |    1447 |       0 |   0.0 |      23 |       0 |   0.0
        D:7 |     799 |     292 |  26.8 |      24 |       3 |  11.1
        D:8 |     595 |    1459 |  71.0 |      15 |      21 |  58.3
        D:9 |     802 |       0 |   0.0 |      13 |       0 |   0.0
       D:12 |     484 |       0 |   0.0 |       2 |       0 |   0.0
            +---------+---------+-------+---------+---------+-------
